 Dungeon Crawl Stone Soup version 0.24.1-14-gf8d2b509d9 (console) character file.

Game seed: 17889293694944109668, levelgen mode: deterministic

317 Kagalorn the Magician (level 6, 0/44 HPs)
             Began as a Gnoll Wanderer on Nov 23, 2022.
             Slain by an orc priest
             ... wielding a +2 war axe of freezing
              (4 damage)
             ... on level 4 of the Dungeon.
             The game lasted 00:08:40 (3772 turns).

Kagalorn the Magician (Gnoll Wanderer)              Turns: 3772, Time: 00:08:40

Health: 0/44       AC: 14    Str: 15    XL:     6   Next: 44%
Magic:  16/16      EV: 11    Int: 17    God:
Gold:   160        SH:  0    Dex: 13    Spells: 16/19 levels left

rFire    . . .     SeeInvis .   a - +2 mace (protect)
rCold    . . .     Gourm    .   (no shield)
rNeg     . . .     Faith    .   c - +0 ring mail
rPois    .         Spirit   .   (no helmet)
rElec    .         Reflect  .   (no cloak)
rCorr    +         Harm     .   (no gloves)
MR       .....                  y - +0 pair of boots
Stlth    ++........             (no amulet)
HPRegen  0.14/turn              w - ring of resist corrosion
MPRegen  0.15/turn              (no ring)

@: protection aura
A: distributed training, fangs 1, strong nose
a: no special abilities


You were on level 4 of the Dungeon.
You were not hungry.

You visited 1 branch of the dungeon, and saw 4 of its levels.

You collected 160 gold pieces.

Inventory:

Hand Weapons
 a - a +2 mace of protection (weapon)
 l - a +0 dagger
 o - a +0 war axe
Missiles
 d - 46 arrows
 i - 59 stones
 k - 21 bolts
 t - 19 sling bullets
 v - 17 poisoned darts (quivered)
Armour
 c - a +0 ring mail (worn)
 y - a +0 pair of boots (worn)
Jewellery
 w - a ring of resist corrosion (left hand)
Wands
 q - a wand of digging (4)
Scrolls
 b - 2 scrolls of magic mapping {unknown}
 g - 2 scrolls of teleportation
 n - a scroll of blinking {unknown}
 u - a scroll of fear {unknown}
 x - a scroll of remove curse {unknown}
 A - a scroll of random uselessness {unknown}
Potions
 e - a potion of heal wounds {unknown}
 m - a potion of lignification {unknown}
 p - a potion of flight
 r - a potion of haste
 s - a potion of agility
Comestibles
 f - 7 rations
 z - a chunk of flesh


   Skills:
 + Level 1.9 Fighting
 + Level 1.9 Short Blades
 + Level 1.9 Long Blades
 + Level 1.9 Axes
 + Level 1.9 Maces & Flails
 + Level 1.9 Polearms
 + Level 1.9 Staves
 + Level 1.9 Slings
 + Level 1.9 Bows
 + Level 1.9 Crossbows
 + Level 1.9 Throwing
 + Level 6.8 Armour
 + Level 1.9 Dodging
 + Level 4.6 Stealth
 + Level 1.9 Shields
 + Level 1.9 Unarmed Combat
 + Level 7.4 Spellcasting
 + Level 2.6 Conjurations
 + Level 1.5 Hexes
 + Level 1.5 Charms
 + Level 1.5 Summonings
 + Level 2.6 Necromancy
 + Level 1.5 Translocations
 + Level 1.5 Transmutations
 + Level 1.5 Fire Magic
 + Level 1.5 Ice Magic
 + Level 1.5 Air Magic
 + Level 1.5 Earth Magic
 + Level 1.5 Poison Magic
 + Level 2.1 Invocations
 + Level 1.9 Evocations


You had 16 spell levels left.
You knew the following spells:

 Your Spells              Type           Power        Failure   Level  Hunger
i - Blink                 Tloc           N/A          16%         2    None
j - Summon Butterflies    Summ           ##......     11%         1    None

Your spell library contained the following spells:

 Spells                   Type           Power        Failure   Level  Hunger
 Magic Dart               Conj           ###.         7%          1    None
 Call Imp                 Summ           ##......     16%         2    None
 Slow                     Hex            ##......     16%         2    None
 Conjure Flame            Conj/Fire      ##......     26%         3    ##.....
 Mephitic Cloud           Conj/Pois/Air  ##......     26%         3    ##.....
 Call Canine Familiar     Summ           ##......     32%         3    ##.....


Dungeon Overview and Level Annotations

Branches:
Dungeon (4/15)             Temple (0/1) D:4

Altars:


Innate Abilities, Weirdness & Mutations

Your experience applies equally to all skills.
You have very sharp teeth.
Your uncanny sense of smell can sniff out nearby items.


Message History

The orc priest is wielding a +2 war axe of freezing.
The orc priest shouts!
You hear a shout!
An orc wizard comes into view. It is wielding a +0 dagger.
The orc shouts!
The orc priest invokes the aid of Beogh against you.
Pain shoots through your body!
An orc wizard comes into view. It is wielding a +1 dagger of freezing.
The orc priest calls down the wrath of Beogh upon you.
Beogh smites you!
* * * LOW HITPOINT WARNING * * *
You hit the orc priest.
Your weapon exudes an aura of protection.
The orc priest is moderately wounded.
The orc hits you but does no damage.
The orc priest hits you but does no damage.
You hit the orc priest. Your bite misses the orc priest.
The orc priest is severely wounded.
You closely miss the orc.
The orc priest hits you with a +2 war axe of freezing.
You die...

#...# # ##..#...### #.
##########...#...#..
#.##......##..#.#.#...#
.##.........#....###....#
...#......>..#...#...#..
#.....##.....#.....#...
#.#..##..#####.>.#####
#...o@......#.....#...
...###o####).#...#...#..
#o# #....###....# #o#
#...#.#.#..## ...∆
#.....#...## ...
#.....#...# .....
#####...#.# ..... #.....#
#.....# #...###


You could see an orc priest, 2 orc wizards and an orc.

Vanquished Creatures
  2 orc priests
  4 orc wizards (D:4)
  A worker ant (D:4)
  4 gnolls
  2 adders
  An ooze (D:3)
  2 worms (D:2)
  3 dart slugs
  3 leopard geckos
  8 orcs
  2 ball pythons
  6 bats
  A giant cockroach (D:4)
  7 goblins
  7 hobgoblins
  7 jackals
  A quokka (D:4)
  3 frilled lizards
  5 kobolds
  3 rats (D:1)
72 creatures vanquished.

Notes
Turn   | Place    | Note
-------+----------+-------------------------------------------
     0 | D:1      | Kagalorn the Gnoll Wanderer began the quest for the Orb.
     0 | D:1      | Kagalorn set off with the following items: a +0 club, a +0
                  | ring mail, a +0 dagger, a ration; and the following spells
                  | available to memorise: Magic Dart, Summon Butterflies,
                  | Blink, Call Imp, Slow, Conjure Flame, Mephitic Cloud, Call
                  | Canine Familiar
     0 | D:1      | Reached XP level 1. HP: 13/13 MP: 8/8
    82 | D:1      | Reached XP level 2. HP: 13/19 MP: 10/10
   557 | D:1      | Reached XP level 3. HP: 25/25 MP: 11/11
   791 | D:1      | Learned a level 2 spell: Blink
   793 | D:1      | Learned a level 1 spell: Summon Butterflies
  1242 | D:1      | Reached skill level 1 in Fighting
  1242 | D:1      | Reached skill level 1 in Short Blades
  1242 | D:1      | Reached skill level 1 in Long Blades
  1242 | D:1      | Reached skill level 1 in Axes
  1242 | D:1      | Reached skill level 1 in Maces & Flails
  1242 | D:1      | Reached skill level 1 in Polearms
  1242 | D:1      | Reached skill level 1 in Staves
  1242 | D:1      | Reached skill level 1 in Slings
  1242 | D:1      | Reached skill level 1 in Bows
  1242 | D:1      | Reached skill level 1 in Crossbows
  1242 | D:1      | Reached skill level 1 in Throwing
  1242 | D:1      | Reached skill level 1 in Dodging
  1242 | D:1      | Reached skill level 1 in Shields
  1242 | D:1      | Reached skill level 1 in Unarmed Combat
  1242 | D:1      | Reached skill level 1 in Invocations
  1242 | D:1      | Reached skill level 1 in Evocations
  1242 | D:1      | Reached XP level 4. HP: 27/32 MP: 13/13
  1584 | D:2      | Reached skill level 1 in Hexes
  1584 | D:2      | Reached skill level 1 in Charms
  1584 | D:2      | Reached skill level 1 in Summonings
  1584 | D:2      | Reached skill level 1 in Translocations
  1584 | D:2      | Reached skill level 1 in Transmutations
  1584 | D:2      | Reached skill level 1 in Fire Magic
  1584 | D:2      | Reached skill level 1 in Ice Magic
  1584 | D:2      | Reached skill level 1 in Air Magic
  1584 | D:2      | Reached skill level 1 in Earth Magic
  1584 | D:2      | Reached skill level 1 in Poison Magic
  1801 | D:2      | Reached XP level 5. HP: 35/37 MP: 14/14
  2187 | D:2      | You fall into a shaft and drop 1 floor!
  3572 | D:4      | HP: 1/37 [poisoned by a worker ant]
  3574 | D:4      | Reached XP level 6. HP: 13/44 MP: 16/16
  3741 | D:4      | Found a staircase to the Ecumenical Temple.
  3772 | D:4      | Slain by an orc priest

Levels and vault maps discovered:
D:1:      nicolae_arrival_memento_mori, layout_rooms
D:2:      cheibrodos_pilgrimage, layout_basic
D:3:      layout_loops_ring, first_ration, chequers_serial_rivers_room_a
D:4:      layout_loops_cross, nicolae_tso_besieged_by_evil,
          minmay_temple_entry_arrows, gup_sewer_entry_glass,
          saegor_snake_ambush, uniq_robin

Skill      XL: |  1  2  3  4  5  6 |
---------------+-------------------+-----
Conjurations   | 2 |  2.6
Necromancy     | 2 |  2.6
Fighting       | 1 |  1.9
Short Blades   | 1 |  1.9
Long Blades    | 1 |  1.9
Axes           | 1 |  1.9
Maces & Flails | 1 |  1.9
Polearms       | 1 |  1.9
Staves         | 1 |  1.9
Slings         | 1 |  1.9
Bows           | 1 |  1.9
Crossbows      | 1 |  1.9
Throwing       | 1 |  1.9
Dodging        | 1 |  1.9
Shields        | 1 |  1.9
Unarmed Combat | 1 |  1.9
Invocations    | 1 2 |  2.1
Evocations     | 1 |  1.9
Hexes          | 1 |  1.5
Charms         | 1 |  1.5
Summonings     | 1 |  1.5
Translocations | 1 |  1.5
Transmutations | 1 |  1.5
Fire Magic     | 1 |  1.5
Ice Magic      | 1 |  1.5
Air Magic      | 1 |  1.5
Earth Magic    | 1 |  1.5
Poison Magic   | 1 |  1.5
Armour         | |  6.8
Stealth        | |  4.6
Spellcasting   | |  7.4

Action                   |  1- 3 |  4- 6 || total
-------------------------+-------+-------++-------
Melee: Dagger            |   112 |       ||   112
       Bite              |     9 |    10 ||    19
       War axe           |    17 |     6 ||    23
       Mace              |       |   185 ||   185
       Punch             |       |     2 ||     2
Throw: Dart              |       |     5 ||     5
  Use: Scroll            |       |     4 ||     4
       Potion            |       |     2 ||     2
 Stab: Sleeping          |     3 |     4 ||     7
       Distracted        |       |     1 ||     1
  Eat: Chunk             |       |     6 ||     6
       Ration            |       |     1 ||     1
Armor: Ring mail         |    47 |   119 ||   166
Dodge: Dodged            |    79 |   117 ||   196
